 Dungeon Crawl Stone Soup version 0.21.1-1-g345015f (webtiles) character file.

508 Mgcat the Skirmisher (level 7, 0/46 HPs)
             Began as a Gargoyle Gladiator on Feb 13, 2018.
             Slain by an ogre
             ... wielding a +0 giant spiked club
              (19 damage)
             ... on level 4 of the Dungeon.
             The game lasted 00:07:12 (2686 turns).

Mgcat the Skirmisher (Gargoyle Gladiator)           Turns: 2686, Time: 00:07:13

Health: 0/46       AC: 10    Str: 18    XL:     7   Next: 18%
Magic:  7/7        EV: 17    Int:  8    God:
Gold:   166        SH:  0    Dex: 18    Spells: 6/6 levels left

rFire    + . .     SeeInvis .   a - +0 war axe
rCold    + + .     Gourm    .   (no shield)
rNeg     + . .     Faith    .   g - +0 ring mail (curse)
rPois    ∞         Spirit   .   c - +0 helmet
rElec    +         Reflect  .   u - scarf {rC+ rF+}
rCorr    +         Harm     .   (no gloves)
MR       .....                  (no boots)
Stlth    ++........             i - amulet of inaccuracy (curse)
HPRegen  0.15/turn              p - ring of resist corrosion
MPRegen  0.10/turn              v - ring of protection from cold {rC+, !d}

@: agile
A: negative energy resistance 1, electricity resistance, unbreathing,
petrification resistance, rot immunity, AC +4
a: no special abilities


You were on level 4 of the Dungeon.
You were hungry.

You visited 1 branch of the dungeon, and saw 4 of its levels.

You collected 166 gold pieces.

Inventory:

Hand Weapons
 a - a +0 war axe (weapon)
Missiles
 d - 4 throwing nets {=f, !d}
Armour
 c - a +0 helmet (worn)
 g - a cursed +0 ring mail (worn)
   (You found it on level 3 of the Dungeon)
 u - a scarf of resistance (worn)
   (You found it on level 3 of the Dungeon)
Jewellery
 i - a cursed amulet of inaccuracy (around neck)
   (You found it on level 1 of the Dungeon)
 p - a ring of resist corrosion (left hand)
   (You found it on level 3 of the Dungeon)
 v - a ring of protection from cold (right hand) {rC+, !d}
   (You found it on level 3 of the Dungeon)
Scrolls
 e - a scroll of immolation {!r}
Potions
 b - a potion of lignification {!q}
 n - a potion of curing
Comestibles
 f - 8 rations
 h - 2 chunks of flesh {@w0}


   Skills:
 + Level 6.0 Fighting
 + Level 5.4 Axes
 - Level 1.7 Throwing
 - Level 2.4 Dodging


You had 6 spell levels left.
You didn't know any spells.

Dungeon Overview and Level Annotations

Branches:
Dungeon (4/15)             Temple (0/1) D:4

Altars:
Kikubaaqudgha
Okawaru
Trog


Innate Abilities, Weirdness & Mutations

You are resistant to torment.
Your stone body is resilient. (AC +4)
You are immune to poison.
You resist negative energy. (rN+)
You are resistant to electric shocks. (rElec)
You can survive without breathing.
You are immune to petrification.
You are immune to rotting.


Message History

Tramtrist's ghost (amateur Octopode Assassin) comes into view.
Tramtrist's ghost turns its malevolent gaze towards you.
You hear a shout!
An ogre comes into view. It is wielding a giant spiked club.
The ogre shouts!
Okay, then.
You feel agile all of a sudden.
You hit Tramtrist's ghost.
Tramtrist's ghost is lightly damaged.
Tramtrist's ghost says, "You will never get the ORB!"
Tramtrist's ghost misses you.
You closely miss Tramtrist's ghost.
Tramtrist's ghost is lightly damaged.
Tramtrist's ghost closely misses you.
Tramtrist's ghost whispers, "There is no future for you."
Tramtrist's ghost hits you.
You hit Tramtrist's ghost.
Tramtrist's ghost is lightly damaged.
Tramtrist's ghost hits you.
You miss Tramtrist's ghost.
Tramtrist's ghost is lightly damaged.
Tramtrist's ghost misses you.
You miss Tramtrist's ghost.
Tramtrist's ghost is lightly damaged.
Tramtrist's ghost completely misses you. x2
You closely miss Tramtrist's ghost.
Tramtrist's ghost is lightly damaged.
Tramtrist's ghost misses you.
You hit Tramtrist's ghost.
Tramtrist's ghost is moderately damaged.
Tramtrist's ghost hits you.
You closely miss Tramtrist's ghost.
Tramtrist's ghost is moderately damaged.
Tramtrist's ghost hits you.
You are feeling hungry.
You barely miss Tramtrist's ghost.
Tramtrist's ghost is moderately damaged.
Tramtrist's ghost barely misses you.
You closely miss Tramtrist's ghost.
Tramtrist's ghost is moderately damaged.
Tramtrist's ghost closely misses you.
Tramtrist's ghost hits you but does no damage.
You closely miss Tramtrist's ghost.
Tramtrist's ghost is moderately damaged.
Tramtrist's ghost hits you.
You hit Tramtrist's ghost.
Tramtrist's ghost is moderately damaged.
Tramtrist's ghost hits you but does no damage.
You miss Tramtrist's ghost.
Tramtrist's ghost is moderately damaged.
Tramtrist's ghost hits you.
Tramtrist's ghost hits you but does no damage.
You barely miss Tramtrist's ghost.
Tramtrist's ghost is moderately damaged.
Tramtrist's ghost tries to sneak away.
Tramtrist's ghost hits you.
An orc comes into view. It is wielding a trident.
You closely miss Tramtrist's ghost.
Tramtrist's ghost is moderately damaged.
The orc shouts!
Tramtrist's ghost completely misses you.
You completely miss Tramtrist's ghost.
Tramtrist's ghost is moderately damaged.
Tramtrist's ghost hits you but does no damage.
You hit Tramtrist's ghost.
Tramtrist's ghost is moderately damaged.
Tramtrist's ghost misses you. Tramtrist's ghost barely misses you.
You slash Tramtrist's ghost!
Tramtrist's ghost is heavily damaged.
Tramtrist's ghost misses you.
You barely miss Tramtrist's ghost.
Tramtrist's ghost is heavily damaged.
Tramtrist's ghost hits you but does no damage.
You closely miss Tramtrist's ghost.
Tramtrist's ghost is heavily damaged.
Tramtrist's ghost hits you but does no damage.
Tramtrist's ghost misses you.
You closely miss Tramtrist's ghost.
Tramtrist's ghost is heavily damaged.
Tramtrist's ghost hits you.
You hit Tramtrist's ghost.
Tramtrist's ghost is heavily damaged.
Tramtrist's ghost hits you but does no damage.
You slash Tramtrist's ghost!
Tramtrist's ghost is almost destroyed.
Tramtrist's ghost hits you.
You hit Tramtrist's ghost but do no damage.
Tramtrist's ghost is almost destroyed.
Tramtrist's ghost misses you.
You hit Tramtrist's ghost.
Tramtrist's ghost is almost destroyed.
Tramtrist's ghost hits you but does no damage.
Tramtrist's ghost hits you.
You slash Tramtrist's ghost!
You destroy Tramtrist's ghost!
Your Fighting skill increases to level 6!
Your Axes skill increases to level 5!
You have reached level 7!
The ogre hits you with a giant spiked club!!
You die...

*,.,****#.# *,*,,,,,,,8,8
**,..****#?# #.#,*,,,,,,,,
*,,...,,*#.# #.#,*,,,,****
*,,...W,*#.# #.#,,,,,,,,,,
*******,,.....##.####.##*,,,,****
,,,,,,,,,...............,,,,,,,,,
*******,,.....##o####.##***######
*,,...,,*#O# #.# #.....
*******,,.,,,,*#@####.######.####
,,,,,,,,,,*****#.................
,,,,,,,,,.######..###.######.#.##
,,,,,,,,,........<# #..........#.
,,,,,,,,,.##################.#.#.
**,,*,,,*** #≈≈≈≈≈≈≈≈# #......
**,,***,***####........####.##.#.
**,,*,,,,,,#_................#.#.
**,,*,*,**,####........####..#.#.


You could see an ogre and an orc.

Vanquished Creatures
  The ghost of Tramtrist the Sneak, an amateur OpAs of Trog (D:4)
  The ghost of letownia2 the Poker, an amateur MfGl (D:3)
  A howler monkey (D:4)
  A gnoll (D:1)
  8 adders
  An ooze (D:1)
  A dart slug (D:3)
  4 worms
  4 leopard geckos
  5 orcs (D:3)
  4 bats
  4 bat zombies (D:4)
  6 giant cockroaches
  15 goblins
  14 hobgoblins
  5 jackals
  3 quokkas
  5 frilled lizards
  9 kobolds
  6 rats
98 creatures vanquished.

Notes
Turn   | Place    | Note
-------+----------+-------------------------------------------
     0 | D:1      | Mgcat the Gargoyle Gladiator began the quest for the Orb.
     0 | D:1      | Reached XP level 1. HP: 12/12 MP: 1/1
    59 | D:1      | Reached skill level 3 in Axes
    59 | D:1      | Reached XP level 2. HP: 14/18 MP: 2/2
   311 | D:1      | Reached skill level 3 in Fighting
   359 | D:1      | Reached XP level 3. HP: 16/23 MP: 3/3
   762 | D:2      | Reached XP level 4. HP: 20/28 MP: 4/4
   943 | D:2      | Found an iron altar of Okawaru.
  1191 | D:2      | Reached skill level 4 in Fighting
  1193 | D:2      | Reached skill level 4 in Axes
  1262 | D:2      | Reached XP level 5. HP: 23/33 MP: 5/5
  1448 | D:2      | Found a bloodstained altar of Trog.
  2212 | D:3      | Noticed letownia2's ghost (amateur MfGl)
  2244 | D:3      | Killed letownia2's ghost
  2244 | D:3      | Reached skill level 5 in Fighting
  2244 | D:3      | Reached XP level 6. HP: 15/40 MP: 6/6
  2576 | D:4      | Found an ancient bone altar of Kikubaaqudgha.
  2653 | D:4      | Noticed Tramtrist's ghost (amateur OpAs)
  2686 | D:4      | Killed Tramtrist's ghost
  2686 | D:4      | Reached skill level 6 in Fighting
  2686 | D:4      | Reached skill level 5 in Axes
  2686 | D:4      | Reached XP level 7. HP: 19/46 MP: 7/7
  2686 | D:4      | Slain by an ogre

Skill      XL: |  1  2  3  4  5  6 |
---------------+-------------------+-----
Axes           | 3 4 5 |  5.4
Fighting       | 3 4 5 6 |  6.0
Throwing       | |  1.7
Dodging        | |  2.4

Action                   |  1- 3 |  4- 6 |  7- 9 || total
-------------------------+-------+-------+-------++-------
Melee: War axe           |    88 |   287 |       ||   375
  Use: Potion            |       |     6 |       ||     6
       Scroll            |       |     7 |       ||     7
  Eat: Chunk             |       |     6 |       ||     6
Armor: Leather armour    |    46 |    88 |       ||   134
       Ring mail         |       |    68 |       ||    68
Dodge: Dodged            |    66 |   243 |       ||   309

Vault maps used:
D:1:      minmay_arrival_four_loops
D:2:      okawaru_ov_weapons_minmay, trog_hazing_becter
D:4:      cheibriados_altar_1, eat_drink_and_be_merry_uskayaw,
          lemuel_zombie_altar_kikubaaqudgha, lemuel_coloured_pillars_altar,
          minmay_temple_entry_mist, st_stairs_7, uniq_sigmund

Table legend:
 A = Turns spent in this place as a percentage of turns spent in the entire game.
 B = Non-inter-level travel turns spent in this place as a percentage of non-inter-level travel turns spent in the entire game.
 C = Inter-level travel turns spent in this place as a percentage of turns spent in this place.
 D = Turns resting spent in this place as a percentage of non-inter-level travel turns spent in this place.
 E = Turns spent auto-exploring this place as a percentage of non-inter-level travel turns spent in this place.
 F = Non-inter-level travel turns spent in this place divided by the number of levels of this place that you've seen.
                   A       B       C       D       E      F
               +-------+-------+-------+-------+-------+----------------------
         Total | 100.0 | 100.0 |   3.6 |   0.0 |  73.1 | 647.5
       Dungeon | 100.0 | 100.0 |   3.6 |   0.0 |  73.1 | 647.5
               +-------+-------+-------+-------+-------+----------------------

Table legend:
 A = Kills in this place as a percentage of kills in entire the game.
 B = Kills by you in this place as a percentage of kills by you in the entire game.
 C = Kills by friends in this place as a percentage of kills by friends in the entire game.
 D = Other kills in this place as a percentage of other kills in the entire game.
 E = Experience gained in this place as a percentage of experience gained in the entire game.
 F = Experience gained in this place divided by the number of levels of this place that you have seen.
                   A       B       C       D       E      F
               +-------+-------+-------+-------+-------+----------------------
         Total | 100.0 | 100.0 |   N/A |   N/A | 100.0 | 181.5
       Dungeon | 100.0 | 100.0 |   N/A |   N/A | 100.0 | 181.5
               +-------+-------+-------+-------+-------+----------------------
